 Dungeon Crawl Stone Soup version 0.17-a0-1923-gc35365e (webtiles) character file.

37 derrpe the Ruffian (level 3, -2/36 HPs)
             Began as a Gargoyle Monk on Sept 28, 2015.
             Slain by a worm (7 damage)
             ... on level 2 of the Dungeon.
             The game lasted 00:02:05 (1330 turns).

derrpe the Ruffian (Gargoyle Monk)                  Turns: 1330, Time: 00:02:05

Health: -2/36      AC: 21    Str: 15    XL:     3   Next: 39%
Magic:  3/3        EV:  2    Int: 10    God:
Gold:   53         SH:  0    Dex: 12    Spells: 0 memorised, 2 levels left

rFire  . . .     SeeInvis .     h - +0 club
rCold  . . .     Clarity  .     (armour currently unavailable)
rNeg   + + +     SustAt   .     (no shield)
rPois  ∞         Gourm    .     (helmet currently unavailable)
rElec  .         Spirit   .     (cloak currently unavailable)
rCorr  .         Warding  .     (gloves currently unavailable)
rMut   .         NoTele   +     (boots currently unavailable)
MR     .....                    (no amulet)
Stlth  ++........               (no ring)
                                (no ring)

@: tree-form (expiring), not resistant to hostile enchantments, unstealthy
A: negative energy resistance 1, (electricity resistance), (unbreathing),
petrification resistance, rot immunity, AC +3
a: no special abilities


You were on level 2 of the Dungeon.
You were hungry.
You were a tree.
You visited 1 branch of the dungeon, and saw 2 of its levels.

You collected 53 gold pieces.

Inventory:

Hand weapons
 h - a +0 club (weapon)
Armour
 a - a +0 robe
 c - a +0 pair of boots (melded)
 m - a +0 leather armour (melded)
Scrolls
 d - 3 scrolls of identify {unknown}
 g - a scroll of teleportation {unknown}
 k - a scroll of magic mapping {unknown}
 l - a scroll of fog {unknown}
 n - a scroll of blinking {unknown}
Potions
 e - a potion of might {unknown}
Comestibles
 b - 3 bread rations {@e1}
 f - a beef jerky
 i - a meat ration {@e2}


   Skills:
 + Level 3.9 Fighting
 * Level 1.1 Maces & Flails
 + Level 1.0 Armour
 + Level 2.7 Dodging
 - Level 2.1 Stealth
 - Level 4.0 Unarmed Combat


You had 2 spell levels left.
You didn't know any spells.

Dungeon Overview and Level Annotations

Branches:
Dungeon (2/15)

Altars:


Innate Abilities, Weirdness & Mutations

You are resistant to torment.
((Your stone body is resilient (AC +3).))
You are immune to poison.
You resist negative energy.
((You are resistant to electric shocks.))
((You can survive without breathing.))
You are immune to petrification.
You are immune to rotting.


Message History

The worm bites you but does no damage.
You hit the worm.
The worm is moderately wounded.
The worm bites you but does no damage.
You hit the worm but do no damage.
The worm is moderately wounded.
The worm barely misses you.
You hit the worm.
The worm is heavily wounded.
You completely miss the worm.
The worm is heavily wounded.
Your transformation is almost over.
The worm bites you but does no damage.
You hit the worm.
The worm is heavily wounded.
The worm bites you but does no damage.
You hit the worm.
The worm is heavily wounded.
The worm bites you!
You die...

.... .. ...# #. .# ...#
#. .### #..# # #.####
#>.. ####..#.# #=...#
#..# ...... #....# #..#
#..# ..####...###.(#
#<.### #........w♣...#
###....# #.......###...#
#......#
#.####..##....####......#
#^.......÷.......#.#
#........####.....##
#.#.#.............#
#.#.#...###########
#.#.#...# #...#


You could see a worm.

Vanquished Creatures
  An adder (D:2)
  4 goblins (D:1)
  3 hobgoblins
  5 kobolds
  A ball python (D:2)
  4 bats (D:1)
  4 giant cockroaches (D:1)
  3 giant newts
  A rat (D:1)
26 creatures vanquished.

Notes
Turn   | Place    | Note
--------------------------------------------------------------
     0 | D:1      | derrpe the Gargoyle Monk began the quest for the Orb.
     0 | D:1      | Reached XP level 1. HP: 14/14 MP: 1/1
   259 | D:1      | Reached XP level 2. HP: 9/19 MP: 2/2
  1077 | D:2      | Reached skill level 1 in Maces & Flails
  1077 | D:2      | Reached skill level 1 in Armour
  1077 | D:2      | Reached XP level 3. HP: 9/24 MP: 3/3
  1330 | D:2      | Slain by a worm

Vault maps used:
D:1:      minmay_arrival_diagonal_passages, minmay_misc_feat_roman,
          minmay_misc_feat_secret_circle, hex_medium
D:2:      nicolae_dithmenos_shadow_blocks, uniq_robin

Action                   || total
-------------------------++-------
Melee: Unarmed           ||    26
       Club              ||   138
  Use: Potion            ||     2
 Stab: Sleeping          ||     3
  Eat: Chunk             ||     1
